 Seeded DCSS version 0.30-a0-263-ge22c4ad894 (webtiles) character file.

Game seed: 11836800648259413034 (custom seed)

132555 hikkokomori the Stormcaller (level 17, -2/102 HPs)
             Began as a Tengu Air Elementalist on Oct 13, 2022.
             Was the Champion of Vehumet.
             Killed by the air
             ... invoked by a wind drake
              (20 damage)
             ... on level 4 of the Shoals on Oct 14, 2022.
             The game lasted 02:59:05 (25981 turns).

hikkokomori the Stormcaller (TeAE)                 Turns: 25981, Time: 02:59:05

Health: -2/102     AC: 16    Str: 11    XL:     17   Next: 12%
Magic:  15/31      EV: 22    Int: 33    God:    Vehumet [******]
Gold:   935        SH: 15    Dex: 22    Spells: 4/35 levels left

rFire   + + .      SeeInvis .    j - staff of air
rCold   + + .      Faith    .    i - +2 shield of Resistance {rF++ rC++ Will++}
rNeg    . . .      Spirit   .    I - +0 steam dragon scales
rPois   +          Reflect  .    h - +2 hat "Eguane" {*Slow rCorr Int+9}
rElec   +          Harm     .    w - +2 cloak
rCorr   +          Rampage  .    s - +0 pair of gloves
Will    +++..                    (boots unavailable)
Stlth   ++++......               D - amulet of magic regeneration
HPRegen 0.37/turn                m - +4 ring of protection
MPRegen 0.62/turn                p - ring "Ivuco" {+Blink rPois Int+4 Dex+6 Slay-2}

@: flying quickly and evasively, studying Translocations, quick
A: beak, talons 3, nimble flight
a: Renounce Religion, Evoke Blink


You were on level 4 of the Shoals.
You worshipped Vehumet.
Vehumet was exalted by your worship.
You visited 6 branches of the dungeon, and saw 25 of its levels.
You also visited: Sewer and Bailey.

You collected 2612 gold pieces.
You spent 1677 gold pieces at shops.

Inventory:

Hand Weapons
 K - the +5 quarterstaff of the Eight Servitors {freeze, rElec rPois rF+}
   (You found it on level 3 of the Lair of Beasts)

   It freezes those it strikes, dealing additional cold damage.
   It can also slow down cold-blooded creatures.
   rF:        It protects you from fire.
   rElec:     It insulates you from electricity.
   rPois:     It protects you from poison.
 Q - a +1 morningstar of freezing
Missiles
 a - 4 throwing nets
Armour
 h - the +2 hat "Eguane" (worn) {*Slow rCorr Int+9}
   (You acquired it on level 1 of the Dungeon)

   Int:       It affects your intelligence (+9).
   rCorr:     It protects you from acid and corrosion.
   *Slow:     It may slow you when you take damage.
 i - the +2 shield of Resistance (worn) {rF++ rC++ Will++}
   (You acquired it on level 1 of the Dungeon)

   rF:        It greatly protects you from fire.
   rC:        It greatly protects you from cold.
   Will:      It greatly increases your willpower.
 s - a +0 pair of gloves (worn)
 v - +0 acid dragon scales
 w - a +2 cloak (worn)
 B - a scarf of shadows
 I - +0 steam dragon scales (worn)
Magical Staves
 j - a staff of air (weapon)
Jewellery
 m - a +4 ring of protection (left hand)
 p - the ring "Ivuco" (right hand) {+Blink rPois Int+4 Dex+6 Slay-2}
   (You bought it in a shop on level 2 of the Orcish Mines)

   [ring of dexterity]

   Int:       It affects your intelligence (+4).
   Dex:       It affects your dexterity (+6).
   Slay:      It affects your accuracy & damage with ranged weapons and melee
   (-2).
   rPois:     It protects you from poison.
   +Blink:    It lets you blink.
 q - the ring of Shadows {Umbra +Inv Stlth+}
   (You bought it in a shop on level 1 of the Elven Halls)

   [ring of stealth]

   It surrounds you with an aura of shadow, increasing your stealth and reducing
   the accuracy of all others within it.
   +Inv:      It lets you turn invisible.
   Stlth:     It makes you more stealthy.
 D - an amulet of magic regeneration (around neck)
 E - a +6 ring of intelligence
 L - an amulet of regeneration
 O - a ring of positive energy
 W - a +4 ring of evasion
Wands
 g - a wand of polymorph (11)
 G - a wand of light (2)
 J - a wand of paralysis (26)
 M - a wand of flame (18)
 X - a wand of roots (9)
Scrolls
 c - 2 scrolls of summoning
 f - a scroll of silence {unknown}
 n - 2 scrolls of enchant weapon
 u - 15 scrolls of teleportation
 x - a scroll of butterflies
 y - 4 scrolls of blinking
 z - 3 scrolls of enchant armour
 A - 2 scrolls of poison
 F - 4 scrolls of vulnerability
 T - 2 scrolls of fear
 Y - a scroll of magic mapping {unknown}
 Z - a scroll of amnesia
Potions
 b - 3 potions of magic
 d - 4 potions of brilliance
 e - 6 potions of heal wounds
 l - 3 potions of berserk rage
 o - 5 potions of might
 r - 7 potions of haste
 t - 3 potions of lignification
 C - 7 potions of mutation
 H - 2 potions of attraction
 P - a potion of cancellation
 R - 5 potions of curing
 S - 2 potions of resistance
 U - 2 potions of ambrosia
 V - 2 potions of invisibility
Miscellaneous
 k - a tin of tremorstones (2/2)
 N - a lightning rod (4/4)


   Skills:
 - Level 10.2 Fighting
 - Level 10.0 Staves
 - Level 6.0 Armour
 - Level 10.4 Dodging
 - Level 6.4 Stealth
 - Level 9.5 Shields
 + Level 9.9 Spellcasting
 + Level 16.3 Conjurations
 - Level 4.3 Fire Magic
 + Level 17.1 Air Magic
 + Level 9.5 Evocations


You had 4 spell levels left.
You knew the following spells:

 Your Spells              Type           Power      Damage    Failure   Level
a - Shock                 Conj/Air       100%       1d9       0%          1
b - Conjure Ball Lightni  Conj/Air       56%        3x3d20    1%          6
c - Lightning Bolt        Conj/Air       56%        1d78      1%          5
d - Arcjolt               Conj/Air       56%        1d66      1%          5
e - Airstrike             Air            57%        2d(9-25)  1%          4
f - Freezing Cloud        Conj/Ice/Air   47%        6-21      1%          5
g - Fireball              Conj/Fire      35%        3d15      1%          5

Your spell library contained the following spells:

 Spells                   Type           Power      Damage    Failure   Level
 Starburst                Conj/Fire      35%        6d10      4%          6
 Static Discharge         Conj/Air       100%       2-7/arc   0%          2
 Stone Arrow              Conj/Erth      100%       3d13      1%          3
 Swiftness                Air            100%       N/A       1%          3
 Vhi's Electric Charge    Tloc/Air       100%       N/A       1%          3
 Apportation              Tloc           32%        N/A       7%          1
 Necrotise                Necr           64%        1d7       7%          1
 Summon Small Mammal      Summ           64%        N/A       7%          1
 Sublimation of Blood     Necr           16%        N/A       10%         2
 Gell's Gravitas          Tloc           16%        N/A       21%         3
 Summon Guardian Golem    Hex/Summ       16%        N/A       21%         3
 Teleport Other           Tloc           16%        N/A       21%         3
 Tukima's Dance           Hex            16%        N/A       21%         3
 Vampiric Draining        Necr           16%        2d7       21%         3
 Animate Armour           Summ/Erth      32%        N/A       54%         4
 Cause Fear               Hex            8%         N/A       54%         4
 Passage of Golubria      Tloc           16%        N/A       54%         4
 Petrify                  Tmut/Erth      16%        N/A       54%         4
 Irradiate                Conj/Tmut      31%        3d22      1%          5
 Orb of Destruction       Conj           45%        9d12      1%          7
 Yara's Violent Unravell  Hex/Tmut       8%         3d5       41%         5
 Spellforged Servitor     Conj/Summ      31%        N/A       43%         7
 Chain Lightning          Conj/Air       56%        3d75      83%         9
 Agony                    Necr           16%        N/A       88%         5
 Summon Forest            Summ/Tloc      8%         N/A       88%         5
 Summon Mana Viper        Hex/Summ       16%        N/A       88%         5
 Eringya's Noxious Bog    Tmut/Pois      8%         N/A       91%         6
 Lehudib's Crystal Spear  Conj/Erth      31%        10d8      97%         8
 Dispersal                Tloc           8%         N/A       100%        6
 Summon Cactus Giant      Summ           8%         N/A       100%        6
 Dragon Form              Tmut           8%         N/A       100%        7
 Summon Hydra             Summ           8%         N/A       100%        7
 Dragon's Call            Summ           8%         N/A       100%        9
 Fire Storm               Conj/Fire      35%        8d9       100%        9
 Shatter                  Erth           8%         3d10*     100%        9


Dungeon Overview and Level Annotations

Branches:
Dungeon (12/15)            Temple (1/1) D:6            Lair (5/5) D:9
 Shoals (4/4) Lair:2       Spider (0/4) Lair:2        Slime (0/5) Lair:5
    Orc (2/2) D:10            Elf (1/3) Orc:2         Sewer (visited)
 Bailey (visited)

Altars:
Ashenzari
Cheibriados
Dithmenos
Elyvilon
Fedhas
Gozag
Hepliaklqana
Kikubaaqudgha
Makhleb
Nemelex Xobeh
Okawaru
Qazlal
Ru
Sif Muna
Trog
Uskayaw
Vehumet
Wu Jian
Xom
Yredelemnul
Zin
The Shining One
Jiyva

Shops:
D:10 (   Orc:1 !   Orc:2 [[:=!   Elf:1 =

Annotations:
Shoals:2 Roxanne


Innate Abilities, Weirdness & Mutations

You have a beak for a mouth.
You have claws for feet.
Your magical nature lets you fly swiftly and evasively.


Message History

Aiming: Freezing Cloud (mildly dangerous; 1% risk of failure)
Press: ? - help, Dir - move target You feel a surge of power!
That beam is likely to hit you.
Continue anyway?
The harpy is engulfed in freezing vapours.
The harpy completely misses you. You block the harpy's attack.
Unknown command.
You hit the wind drake.
The wind drake is electrocuted!!
You claw the wind drake.
The wind drake is heavily wounded.
You block the harpy's attack. The harpy closely misses you.
The alligator snapping turtle is engulfed in freezing vapours.
The alligator snapping turtle seems to slow down.
The alligator snapping turtle completely misses you.
Casting: Freezing Cloud (mildly dangerous; 1% risk of failure)
Confirm with . or Enter, or press ? or * to list all spells.
You feel a surge of power!
Electricity surges outward!
The wind drake is severely wounded.
The harpy is moderately wounded.
You block the harpy's attack. x2
The wind drake exhales a fierce blast of wind!
You are blown backwards!
The alligator snapping turtle and the harpy are blown away by the wind.
The alligator snapping turtle is engulfed in freezing vapours.
The alligator snapping turtle seems to slow down.
The alligator snapping turtle bites you!!
* * * LOW HITPOINT WARNING * * *
The wind drake flaps its wings at you. The air twists around and strikes you.
Unknown command.
Unknown command.
Blink to where?
Press: ? - help, Dir - move target
As you read the scroll of blinking, it crumbles to dust.
Casting: Arcjolt (safe; 1% risk of failure)
Confirm with . or Enter, or press ? or * to list all spells.
You don't know that spell.
The wind drake flaps its wings at you. The air twists around and strikes you!!
You die...

≈≈≈≈≈≈≈≈≈≈≈≈≈≈≈≈≈≈≈≈≈≈≈≈≈≈≈≈≈≈≈≈≈
≈≈≈≈≈≈≈≈≈≈≈≈≈≈≈≈≈≈≈≈≈≈≈≈≈≈≈≈≈≈≈≈≈
≈≈≈≈≈≈≈≈≈≈≈~~~~~~~~~~~~~~~~~~~~≈≈
≈≈≈≈≈≈≈≈≈≈~~~~...............~~~≈
≈≈≈≈≈≈≈≈≈~~~~............P....~~~
≈≈≈≈≈≈≈≈~~~~..<##.........##[..~~
≈≈≈≈≈≈≈≈~~~~.P<.#..†~.....##.(.~~
≈≈≈≈≈≈≈≈~~~~..........)......(.~~
≈≈≈≈≈≈≈≈~~~~~...@.....#÷...<.(~~~
≈≈≈≈≈≈≈≈~~~~~....).##†)#...÷..~~~
≈≈≈≈≈≈≈≈~~~~~~~~)~~#/).#~~)~~~~~~
≈≈≈≈≈≈≈≈~~~~#)###k)#...#''#####~~
≈≈≈≈≈≈≈≈~~~###.#.).#.t.#.).#.# #~
≈≈≈≈≈≈≈≈~~.#.......##.#......~ (
≈≈≈≈≈≈≈≈~.#......~.)..#)...~.~
≈≈≈≈≈≈≈≈##~..~..........~~~~~~
≈≈≈≈≈≈≈#....#.##.#H..t.~~....#


You could see a wind drake (repels missiles).

Vanquished Creatures
  Bai Suzhen (Shoals:3)
  Ilsuiw (Shoals:3)
  Donald (Shoals:1)
  A deep elf sorcerer (Elf:1)
  Louise (Shoals:3)
  A deep elf elementalist (Elf:1)
  3 orc warlords
  2 deep elf demonologists (Elf:1)
  A minotaur (Shoals:4)
  An ettin (Orc:2)
  2 merfolk javelineers
  5 merfolk impalers
  The ghost of boo the Spear-Bearer, a journeyman MfGl of Okawaru (D:12)
  3 merfolk avatars
  2 centaur warriors (Shoals:3)
  3 hydras
  5 boulder beetles
  5 two-headed ogres (Orc:2)
  9 satyrs
  An alligator snapping turtle (Shoals:4)
  3 deep elf knights (Elf:1)
  4 orc high priests (Orc:2)
  13 sea snakes
  15 harpies
  A deep elf archer (Elf:1)
  3 deep elf pyromancers (Elf:1)
  6 deep elf zephyrmancers (Elf:1)
  13 manticores
  6 orc knights
  4 orc sorcerers (Orc:2)
  A cyclops (D:12)
  14 fauns
  5 merfolk sirens
  5 elephants
  A black mamba (shapeshifter) (Elf:1)
  5 water nymphs
  6 black mambas
  16 cane toads
  3 kobold demonologists (D:11)
  7 gargoyles
  5 rime drakes
  10 komodo dragons
  10 trolls
  2 polar bears
  4 wind drakes
  18 merfolk
  2 hornets (Lair:5)
  34 blink frogs
  Grinder (D:6)
  7 saltlings (Orc:2)
  9 slime creatures
  10 snapping turtles
  5 water elementals
  A centaur simulacrum (D:11)
  3 vampires
  2 shadows
  3 wyverns
  51 yaks
  A wraith (D:12)
  2 basilisks
  A fire elemental (Elf:1)
  A redback (Lair:2)
  7 steam dragons
  Menkaure (D:6)
  2 vampire mosquitoes (D:12)
  6 wargs (Orc:2)
  Edmund (D:6)
  An acid dragon (D:11)
  15 water moccasins
  Duvessa (D:4)
  Pargi (Sewer)
  31 orc warriors
  4 ice beasts
  5 sky beasts
  4 black bears
  12 centaurs
  7 ogres
  10 wolves
  A kobold brigand (D:9)
  2 gnoll sergeants
  4 necrophages
  12 bullfrogs
  6 scorpions
  17 wights
  Dowan (D:4)
  9 howler monkeys
  2 electric eels
  7 vampire bats (Bailey)
  9 wolf zombies (Bailey)
  3 jellies
  21 orc priests
  A gnoll bouda (D:6)
  5 hounds
  4 iguanas
  24 orc wizards
  Robin (D:2)
  15 gnolls
  10 adders
  5 ufetubi
  A worm (D:2)
  3 dart slugs
  104 orcs
  3 endoplasms
  A giant cockroach (D:1)
  18 goblins
  7 hobgoblins
  2 jackals (D:5)
  A quokka (D:1)
  9 ball pythons
  15 bats
  2 frilled lizards (D:1)
  12 kobolds
  19 orc zombies (Bailey)
  14 rats
  A butterfly (Lair:4)
  A pillar of salt (Orc:2)
842 creatures vanquished.

Vanquished Creatures (collateral kills)
  A ball lightning (Shoals:3)
1 creature vanquished.

Vanquished Creatures (others)
  38 ball lightnings
  25 fungi
  15 pillars of salt (Orc:2)
  158 plants
236 creatures vanquished.

Grand Total: 1079 creatures vanquished

Notes
Turn   | Place    | Note
-------+----------+-------------------------------------------
     0 | D:1      | hikkokomori the Tengu Air Elementalist began the quest for
                  | the Orb.
     0 | D:1      | Reached XP level 1. HP: 10/10 MP: 4/4
   191 | D:1      | Reached skill level 1 in Fighting
   191 | D:1      | Reached XP level 2. HP: 6/16 MP: 4/6
   275 | D:1      | Identified 3 scrolls of acquirement
   275 | D:1      | Acquired the +2 shield of Resistance {rF++ rC++ Will++}
   275 | D:1      | Found the +2 shield of Resistance {rF++ rC++ Will++}
   553 | D:1      | Reached XP level 3. HP: 19/21 MP: 7/7
   571 | D:1      | Found a faded altar of an unknown god.
   576 | D:1      | Acquired a staff of air
   578 | D:1      | Acquired the +2 hat "Eguane" {*Slow rCorr Int+9}
   646 | D:2      | Noticed Robin
   657 | D:2      | Killed Robin
   658 | D:2      | Reached skill level 5 in Air Magic
   666 | D:2      | Upgraded the game from 0.30-a0-250-g41c1d76940 to
                  | 0.30-a0-263-ge22c4ad894
   787 | D:2      | Reached XP level 4. HP: 27/27 MP: 1/8
  1847 | D:3      | Identified the +1 robe of Action {-Cast rF+ Str+7}
  1923 | D:3      | Found a burning altar of Makhleb.
  2037 | D:4      | Gained mutation: Your magical nature lets you fly swiftly
                  | and evasively. [Tengu growth]
  2037 | D:4      | Reached XP level 5. HP: 32/32 MP: 3/9
  2059 | D:4      | Reached skill level 1 in Shields
  2084 | D:4      | Reached skill level 6 in Air Magic
  2193 | D:4      | Found an opulent altar of Gozag.
  2362 | D:4      | Reached XP level 6. HP: 22/37 MP: 8/10
  2500 | D:4      | Found a glowing drain.
  2505 | Sewer    | Entered a sewer
  2551 | Sewer    | Noticed Pargi
  2567 | Sewer    | Killed Pargi
  3116 | D:4      | Noticed Dowan
  3117 | D:4      | Noticed Duvessa
  3131 | D:4      | Killed Duvessa
  3132 | D:4      | Reached skill level 7 in Air Magic
  3132 | D:4      | Reached XP level 7. HP: 44/44 MP: 6/11
  3132 | D:4      | Killed Dowan
  3230 | D:5      | Entered Level 5 of the Dungeon
  3231 | D:5      | Noticed a yak
  3330 | D:4      | Killed a yak
  3331 | D:4      | Reached skill level 5 in Fighting
  3331 | D:4      | Reached skill level 8 in Air Magic
  3331 | D:4      | Reached XP level 8. HP: 49/49 MP: 4/12
  3646 | D:5      | Reached skill level 5 in Shields
  3646 | D:5      | Reached skill level 9 in Air Magic
  3922 | D:5      | Found a blossoming altar of Fedhas.
  3990 | D:5      | Reached XP level 9. HP: 50/56 MP: 10/13
  4015 | D:5      | Learned a level 2 spell: Static Discharge
  4431 | D:6      | Found a basalt altar of Yredelemnul.
  4492 | D:6      | Noticed Grinder
  4494 | D:6      | Noticed Menkaure
  4506 | D:6      | Killed Grinder
  4507 | D:6      | Reached skill level 10 in Air Magic
  4508 | D:6      | Killed Menkaure
  4814 | D:6      | Reached skill level 1 in Evocations
  4822 | D:6      | Found a staircase to the Ecumenical Temple.
  4831 | Temple   | Entered the Ecumenical Temple
  5165 | Temple   | Became a worshipper of Vehumet
  5304 | D:6      | Noticed Edmund
  5305 | D:6      | Found a stormy altar of Qazlal.
  5337 | D:6      | Killed Edmund
  5438 | D:6      | Found a shadowy altar of Dithmenos.
  5916 | D:6      | Reached XP level 10. HP: 63/64 MP: 14/14
  6090 | D:7      | Reached * piety under Vehumet
  6090 | D:7      | Offered knowledge of Magic Dart by Vehumet.
  6187 | D:7      | Reached skill level 5 in Conjurations
  6635 | D:7      | Learned a level 5 spell: Lightning Bolt
  6641 | D:7      | Learned a level 5 spell: Arcjolt
  7322 | D:8      | Reached ** piety under Vehumet
  7325 | D:8      | Offered knowledge of Poisonous Vapours by Vehumet.
  7331 | D:8      | Reached skill level 5 in Evocations
  7332 | D:8      | Reached skill level 11 in Air Magic
  7990 | D:9      | Reached XP level 11. HP: 69/69 MP: 6/15
  8091 | D:9      | Offered knowledge of Mephitic Cloud by Vehumet.
  8121 | D:9      | Reached *** piety under Vehumet
  8337 | D:9      | Found a staircase to the Lair.
  8374 | D:9      | Reached skill level 10 in Conjurations
  8894 | D:9      | Reached skill level 1 in Staves
  9326 | D:9      | Found a glowing silver altar of Zin.
  9430 | D:9      | Found a shimmering altar of Xom.
  9466 | D:10     | Entered Level 10 of the Dungeon
  9497 | D:10     | Offered knowledge of Olgreb's Toxic Radiance by Vehumet.
  9549 | D:10     | Found a flagged portal.
  9564 | D:10     | Learned a level 4 spell: Airstrike
  9566 | Bailey   | Entered a bailey
  9646 | Bailey   | Reached **** piety under Vehumet
  9687 | Bailey   | Offered knowledge of Iskenderun's Battlesphere by Vehumet.
 10214 | D:10     | Reached skill level 5 in Staves
 10217 | D:10     | Noticed a boulder beetle
 10245 | D:10     | Killed a boulder beetle
 10246 | D:10     | Reached XP level 12. HP: 67/76 MP: 3/19
 10293 | D:10     | Reached ***** piety under Vehumet
 10297 | D:10     | Offered knowledge of Freezing Cloud by Vehumet.
 10305 | D:10     | Found a hazy altar of Hepliaklqana.
 10356 | D:10     | Reached skill level 5 in Spellcasting
 10528 | D:10     | Found a staircase to the Orcish Mines.
 10530 | D:10     | Found Wugru's Weapon Emporium.
 10662 | D:11     | Learned a level 5 spell: Freezing Cloud
 11175 | D:11     | Found an opulent altar of Gozag.
 11205 | D:11     | Noticed a boulder beetle
 11213 | D:11     | Killed a boulder beetle
 11214 | D:11     | Reached skill level 1 in Armour
 11593 | D:11     | Noticed a boulder beetle
 11598 | D:11     | Killed a boulder beetle
 11600 | D:11     | Noticed a boulder beetle
 11603 | D:11     | Killed a boulder beetle
 12245 | D:12     | Found a large runed translucent door.
 12245 | D:12     | Found a large runed translucent door.
 12248 | D:12     | Noticed boo's ghost (journeyman MfGl)
 12549 | D:12     | Found an ornate altar of the Wu Jian Council.
 12939 | D:12     | Killed boo's ghost
 12940 | D:12     | Reached skill level 5 in Dodging
 13090 | Lair:1   | Entered Level 1 of the Lair of Beasts
 13098 | Lair:1   | Reached skill level 5 in Stealth
 13098 | Lair:1   | Reached XP level 13. HP: 63/80 MP: 18/23
 13202 | Lair:1   | Reached skill level 5 in Armour
 13362 | Lair:1   | Offered knowledge of Lee's Rapid Deconstruction by Vehumet.
 14811 | Lair:2   | Found a hole to the Spider Nest.
 14869 | Lair:2   | Found a staircase to the Shoals.
 15200 | Lair:3   | Reached skill level 12 in Air Magic
 15441 | Lair:3   | Identified the +5 quarterstaff of the Eight Servitors
                  | {freeze, rElec rPois rF+}
 16186 | Lair:4   | Reached XP level 14. HP: 86/86 MP: 7/24
 16936 | Lair:5   | Entered Level 5 of the Lair of Beasts
 17238 | Lair:5   | Reached skill level 13 in Air Magic
 17248 | Lair:5   | Reached skill level 10 in Fighting
 17583 | Lair:5   | Reached skill level 10 in Staves
 17627 | Lair:5   | Found a staircase to the Slime Pits.
 17627 | Lair:5   | Found a viscous altar of Jiyva.
 17925 | Lair:5   | Found a burning altar of Makhleb.
 18485 | Orc:1    | Entered Level 1 of the Orcish Mines
 18502 | Orc:1    | Noticed an orc warlord
 18508 | Orc:1    | Killed an orc warlord
 18801 | Orc:1    | Found Vayd's Distillery.
 18810 | Orc:1    | Bought a potion of ambrosia for 104 gold pieces
 18810 | Orc:1    | Bought a potion of mutation for 104 gold pieces
 18810 | Orc:1    | Bought a potion of might for 52 gold pieces
 18810 | Orc:1    | Bought a potion of berserk rage for 65 gold pieces
 18810 | Orc:1    | Bought a potion of heal wounds for 65 gold pieces
 18810 | Orc:1    | Bought a potion of curing for 39 gold pieces
 18810 | Orc:1    | Bought a potion of might for 52 gold pieces
 18887 | Orc:2    | Entered Level 2 of the Orcish Mines
 18890 | Orc:2    | Offered knowledge of Conjure Ball Lightning by Vehumet.
 19000 | Orc:2    | Reached XP level 15. HP: 79/92 MP: 8/25
 19157 | Orc:2    | Found Letyisez's Distillery.
 19218 | Orc:2    | Reached skill level 14 in Air Magic
 19452 | Orc:2    | Found a staircase to the Elven Halls.
 19453 | Orc:2    | Noticed an orc warlord
 19461 | Orc:2    | Killed an orc warlord
 19695 | Orc:2    | Reached skill level 10 in Dodging
 19871 | Orc:2    | Noticed an orc warlord
 19872 | Orc:2    | Reached ****** piety under Vehumet
 19878 | Orc:2    | Killed an orc warlord
 19880 | Orc:2    | Found Efikup's Book Shop.
 20061 | Orc:2    | Learned a level 6 spell: Conjure Ball Lightning
 20072 | Orc:2    | Found Fytwuhyu's Armour Boutique.
 20074 | Orc:2    | Found Zaraebra's Antique Armour Boutique.
 20100 | Orc:2    | Found Dainnaemohumn's Jewellery Shoppe.
 20106 | Orc:2    | Bought the ring "Ivuco" {+Blink rPois Int+4 Dex+6 Slay-2}
                  | for 596 gold pieces
 20355 | Elf:1    | Entered Level 1 of the Elven Halls
 20356 | Elf:1    | Found Alokkain's Jewellery Shop.
 20366 | Elf:1    | Bought the ring of Shadows {Umbra +Inv Stlth+} for 600 gold
                  | pieces
 20366 | Elf:1    | Found the ring of Shadows {Umbra +Inv Stlth+}
 20472 | Elf:1    | Noticed a deep elf sorcerer
 20473 | Elf:1    | Killed a deep elf sorcerer
 20606 | Elf:1    | Reached skill level 15 in Air Magic
 20637 | Elf:1    | Offered knowledge of Fireball by Vehumet.
 21134 | Elf:1    | Noticed a deep elf elementalist
 21149 | Elf:1    | Killed a deep elf elementalist
 21620 | Shoals:1 | Entered Level 1 of the Shoals
 22443 | Shoals:1 | Noticed Donald
 22448 | Shoals:1 | Killed Donald
 22472 | Shoals:1 | Reached XP level 16. HP: 94/97 MP: 19/29
 22840 | Shoals:2 | Noticed Roxanne
 22861 | Shoals:2 | Reached skill level 15 in Conjurations
 23118 | Shoals:2 | Learned a level 5 spell: Fireball
 23289 | Shoals:2 | Reached skill level 1 in Fire Magic
 23290 | Shoals:2 | Reached skill level 16 in Air Magic
 23962 | Shoals:3 | Noticed Louise
 23973 | Shoals:3 | Killed Louise
 24028 | Shoals:3 | Offered knowledge of Starburst by Vehumet.
 24480 | Shoals:3 | Noticed Ilsuiw
 24551 | Shoals:4 | Entered Level 4 of the Shoals
 24824 | Shoals:3 | Noticed Bai Suzhen
 24840 | Shoals:3 | Killed Ilsuiw
 25405 | Shoals:3 | Killed Bai Suzhen
 25882 | Shoals:4 | Reached XP level 17. HP: 84/102 MP: 15/31
 25903 | Shoals:4 | Reached skill level 17 in Air Magic
 25981 | Shoals:4 | Killed from afar by a wind drake

Illustrated notes

Levels and vault maps discovered:
D:1:      minmay_arrival_nine_rooms, layout_rooms,
          dreamdust_ecumenical_altar_hidden_monk_grotto
D:2:      layout_loops_ring, minmay_strange_pillars, uniq_robin
D:3:      layout_basic, lightli_temple_of_fire
D:4:      layout_basic, mainiacjoe_overflow_cross_hatched, portal_sewer_entry_e,
          uniq_duvessa
D:5:      cheibrodos_fzero, layout_rooms, mainiacjoe_overflow_alcove_2
D:6:      layout_loops_cross, mainiacjoe_overflow_catch_the_wave,
          yredelemnul_altar_generic, minmay_temple_entry_gardened_gates,
          serial_aquarium, aquarium_bridge_square [aquarium_subvault_bridge,
          aquarium_subvault_window, aquarium_subvault_bridge,
          aquarium_subvault_bridge], aquarium_window_1, aquarium_window_corner,
          aquarium_window_corner, aquarium_view_2a, aquarium_balcony_1b,
          uniq_menkaure, uniq_grinder, uniq_edmund
D:7:      kennysheep_six_static_rooms, layout_basic
D:8:      layout_layer_cave
D:9:      cheibrodos_statue_roulette, layout_basic,
          mainiacjoe_overflow_small_starburst, nicolae_overflow_crystal_walls,
          david_lair_generic, kennysheep_doodads
D:10:     layout_rooms, mainiacjoe_overflow_alcove_1, orc_david_3,
          enter_bailey_3
D:11:     layout_stronghold, grunt_gozag_statues
D:12:     layout_stronghold, ebering_ghost_disaster_area,
          nzn_wu_jian_contemplation
Temple:   oiseaux_autumnal_temple
Lair:1:   layout_small_grid, wad_woods_river_01, serial_bayou_shore_b,
          grunt_megastairs_5
Lair:2:   layout_gridlike, elwin_shoals_entry_rooms, spider_nest_entry_rubble,
          minivault_25
Lair:3:   layout_gridlike, beast_lair_carwin_11
Lair:4:   layout_loops_ring, serial_rivers, chequers_serial_rivers_small_b,
          chequers_serial_rivers_micro_b, chequers_serial_rivers_small_a,
          chequers_serial_rivers_small_3, chequers_serial_rivers_room_b,
          lemuel_fruit_fields
Lair:5:   gammafunk_lair_ancient_temple, layout_gridlike,
          minmay_slime_entry_pillars, basic_altar
Shoals:1: layout_shoals, nicolae_shoals_nymph_descending_staircase, uniq_donald
Shoals:2: layout_shoals, uniq_roxanne
Shoals:3: layout_shoals, uniq_louise, uniq_ilsuiw, uniq_bai_suzhen
Shoals:4: shoals_end_hellmonk_lost_city, serial_shops
Orc:1:    layout_caves, serial_shops, shop
Orc:2:    hellmonk_orc_salted, layout_caves, serial_shops, shop_fountains,
          minmay_orc_temple_c
Elf:1:    layout_loops_corners, serial_shops, shop, hangedman_elf_represent,
          grunt_megastairs_3

Skill      XL: |  1  2  3  4  5  6  7  8  9 10 11 12 13 14 15 16 17 |
---------------+----------------------------------------------------+-----
Fighting       | 1 2 3 4 5 6 7 8 9 10 | 10.2
Air Magic      | 5 6 7 8 9 10 11 12 13 15 16 17 | 17.1
Shields        | 1 3 4 5 7 8 9 |  9.5
Conjurations   | 4 8 10 11 12 14 16 | 16.3
Evocations     | 3 5 6 7 9 |  9.5
Staves         | 5 7 9 10 | 10.0
Spellcasting   | 4 6 8 9 |  9.9
Armour         | 4 6 |  6.0
Dodging        | 5 7 9 10 | 10.4
Stealth        | 5 6 |  6.4
Fire Magic     | 4 |  4.3

Action                   |  1- 3 |  4- 6 |  7- 9 | 10-12 | 13-15 | 16-18 || total
-------------------------+-------+-------+-------+-------+-------+-------++-------
Melee: Unarmed           |     8 |       |       |       |       |       ||     8
       Kick              |    14 |    21 |    44 |   116 |   139 |    56 ||   390
       Whip              |    26 |       |       |       |       |       ||    26
       Peck              |     2 |    11 |    24 |    76 |    84 |    35 ||   232
       Staff             |     8 |    75 |    96 |   249 |   368 |   112 ||   908
       Short sword       |       |       |    45 |    51 |       |       ||    96
 Cast: Shock             |    35 |    91 |   103 |     2 |     9 |       ||   240
       Static Discharge  |       |       |    18 |    26 |     1 |       ||    45
       Arcjolt           |       |       |       |    50 |    84 |    20 ||   154
       Lightning Bolt    |       |       |       |    70 |    81 |    37 ||   188
       Freezing Cloud    |       |       |       |    21 |    89 |    20 ||   130
       Airstrike         |       |       |       |     5 |    28 |    35 ||    68
       Conjure Ball Ligh |       |       |       |       |     2 |    13 ||    15
       Fireball          |       |       |       |       |       |    13 ||    13
 Abil: Evoke Blink       |       |       |       |       |       |    13 ||    13
Evoke: Wand              |       |       |       |     8 |     2 |    15 ||    25
       Tin of tremorston |       |       |       |       |     2 |     2 ||     4
  Use: Scroll            |     3 |     2 |       |    12 |     9 |     7 ||    33
       Potion            |       |       |     2 |     2 |     5 |     3 ||    12
 Stab: Sleeping          |       |       |     1 |     1 |     5 |     2 ||     9
       Invisible         |       |       |       |     1 |       |       ||     1
       Distracted        |       |       |       |       |     1 |     1 ||     2
Armor: Robe              |    13 |    55 |    65 |       |       |       ||   133
       Steam dragon scal |       |       |    11 |   106 |    73 |    35 ||   225
       Acid dragon scale |       |       |       |     7 |       |       ||     7
Dodge: Dodged            |    31 |    76 |   118 |   163 |   233 |   117 ||   738
Block: Kite shield       |     9 |    90 |   156 |   282 |   252 |   132 ||   921

Table legend: (Time is in decaauts)
 A = Elapsed time spent in this place.
 B = Non-inter-level travel time spent in this place.
 C = Inter-level travel time spent in this place.
 D = Time resting spent in this place.
 E = Time spent auto-exploring this place.
 F = Levels seen in this place.
 G = Mean time per level.
                   A        B        C        D        E       F      G
               +--------+--------+--------+--------+--------+-----+--------+
         Total |  24602 |  23327 |   1275 |   2762 |  14419 |  27 |  911.2 |
       Dungeon |  11601 |  10982 |    619 |    720 |   7165 |  12 |  966.8 |
        Temple |    326 |    214 |    112 |      0 |    196 |   1 |  326.0 |
          Lair |   5037 |   4746 |    291 |    482 |   3268 |   5 | 1007.4 |
        Shoals |   4097 |   4029 |     68 |   1061 |   1994 |   4 | 1024.2 |
  Orcish Mines |   1773 |   1609 |    164 |    168 |   1019 |   2 |  886.5 |
   Elven Halls |   1032 |   1014 |     18 |    166 |    613 |   1 | 1032.0 |
         Sewer |    139 |    139 |      0 |      0 |     24 |   1 |  139.0 |
        Bailey |    593 |    593 |      0 |    163 |    138 |   1 |  593.0 |
               +--------+--------+--------+--------+--------+-----+--------+

Top non-repeatable levels by time:
Shoals:3: 1696 daAuts
     D:9: 1463 daAuts
     D:4: 1452 daAuts
   Orc:2: 1384 daAuts
     D:6: 1295 daAuts
  Lair:1: 1224 daAuts
    D:12: 1156 daAuts
  Lair:5: 1127 daAuts
Shoals:1: 1126 daAuts
    D:11: 1105 daAuts
     D:2: 1034 daAuts
   Elf:1: 1032 daAuts
     D:8: 988 daAuts
  Lair:3: 934 daAuts
  Lair:4: 913 daAuts
